cohdb
Replays
Latest Replays
All Replays
Popular Replays
Top Player Replays
Match Explorer
How It Works
Community
CoH3 Stats
Reddit
Sign in to upload your games and track your stats! →
Sign in with Steam
Match 25453304
Unlisted
Match 25453304
Overview
Messages
Build Orders
End
Selects Airborne Battlegroup
Construct Weapon Support Center
Selects Pathfinders
Sniper
Engineer Squad
Pathfinder Squad
Pathfinder Squad
M1919 Machine Gun Team
Bazooka Squad
Construct Medical Station
Bazooka Squad
Improved M9 Bazooka Rockets
Selects Paratrooper Squad Paradrop
Selects Anti-tank Gun Team Paradrop
Infantry Support Center
Sniper
Construct Tank Depot
M4A1 Sherman Medium Tank
Paratrooper Squad Paradrop
Munitions Surplus
Engineer Squad
M4A1 Sherman Medium Tank
Selects Recon Loiter
Selects Supply Drop
Selects Dual P-47 Rocket Strike
Dual P-47 Rocket Strike
Supply Drop
Recon Loiter
Anti-tank Gun Team Paradrop
Dual P-47 Rocket Strike
Anti-tank Gun Team Paradrop
M4A1 Sherman Medium Tank
Anti-tank Gun Team Paradrop
Recon Loiter
Dual P-47 Rocket Strike
Engineer Squad
Supply Drop
Recon Loiter
Dual P-47 Rocket Strike
M4A1 Sherman Medium Tank
Engineer Squad
Recon Loiter
M4A1 Sherman Medium Tank
M4A1 Sherman Medium Tank
M4A1 Sherman Medium Tank
Recon Loiter
ConcernedApe
Einherjer
HoneySelect2Libido DX
403671774
0
0
Comments
sign in to comment!
No comments posted yet!